 Dungeon Crawl Stone Soup version 0.22-a0-469-gf26638a (webtiles) character file.

3112 emperorscorpion the Cleaver (level 9, 0/81 HPs)
             Began as a Minotaur Berserker on June 12, 2018.
             Was a Priest of Trog.
             Slain by a centaur (7 damage)
             ... on level 9 of the Dungeon on June 13, 2018.
             The game lasted 00:13:06 (1745 turns).

emperorscorpion the Cleaver (Minotaur Berserker)    Turns: 1745, Time: 00:13:06

Health: 0/81       AC:  7    Str: 24    XL:     9   Next: 60%
Magic:  8/8        EV: 13    Int:  2    God:    Trog [***...]
Gold:   169        SH:  0    Dex: 15    Spells: 8/8 levels left

rFire    + + +     SeeInvis +   j - +1 war axe (flame)
rCold    . . .     Gourm    .   (no shield)
rNeg     . . .     Faith    .   u - +1 ring mail "Cinat" {rF++ Str-2 Dex+6}
rPois    .         Spirit   .   (helmet restricted)
rElec    .         Reflect  .   (no cloak)
rCorr    .         Harm     .   (no gloves)
MR       ++...                  (no boots)
Stlth    +.........             (no amulet)
HPRegen  1.63/turn              m - ring of protection from fire
MPRegen  0.11/turn              q - ring of see invisible

@: regenerating
A: retaliatory headbutt, horns 2, dopey 1, regeneration 1, evolution 1
a: Berserk, Trog's Hand, Renounce Religion


You were on level 9 of the Dungeon.
You worshipped Trog.
Trog was most pleased with you.
You were very hungry.

You visited 2 branches of the dungeon, and saw 10 of its levels.

You collected 197 gold pieces.
You spent 28 gold pieces at shops.

Inventory:

Hand Weapons
 a - a +0 falchion
 j - a +1 war axe of flaming (weapon)
 k - a +0 morningstar
 v - a +0 dire flail
 x - a +2 vampiric hand axe
Armour
 b - a +0 animal skin
 e - a +0 chain mail
 g - a cursed +0 chain mail
 n - a +0 ring mail
 u - the +1 ring mail "Cinat" (worn) {rF++ Str-2 Dex+6}
   (You took it off an orc on level 8 of the Dungeon)

   It affects your strength (-2).
   It affects your dexterity (+6).
   It greatly protects you from fire.
Jewellery
 m - a ring of protection from fire (left hand)
 q - a ring of see invisible (right hand)
Wands
 o - a wand of disintegration (4)
 t - a wand of flame (17)
 y - a wand of polymorph (10)
 z - a wand of random effects (30)
Scrolls
 d - 3 scrolls of blinking
 i - a scroll of remove curse
 l - 2 scrolls of random uselessness
 p - a scroll of teleportation
 s - 3 scrolls of enchant armour
Potions
 h - a potion of might
 r - a potion of berserk rage
 w - a potion of brilliance
Comestibles
 c - 13 rations
 f - a chunk of flesh


   Skills:
 + Level 8.3 Fighting
 - Level 4.1 Long Blades
 + Level 10.8 Axes
 + Level 8.1 Armour
 + Level 4.4 Dodging
 + Level 0.5 Stealth


You had 8 spell levels left.
You didn't know any spells.
Your spell library contained the following spells:

 Spells                   Type           Power        Failure   Level  Hunger
 Apportation              Tloc           #.....       67%         1    ##.....
 Summon Small Mammal      Summ           #...         67%         1    ##.....
 Animate Skeleton         Necr           N/A          67%         1    ##.....
 Confusing Touch          Hex            #.....       67%         1    ##.....


Dungeon Overview and Level Annotations

Branches:
Dungeon (9/15)             Temple (0/1) D:4            Lair (1/6) D:8
    Orc: D:9-12

Altars:
Okawaru

Shops:
D:5 *   D:6 =   D:9 *


Innate Abilities, Weirdness & Mutations

You reflexively headbutt those who attack you in melee.
You have a pair of horns on your head.
You are dopey. (Int -2)
Your natural rate of healing is unusually fast.
You evolve.


Message History

A shadow imp comes into view.
The shadow imp shouts, "Quit, thou unctious moldwarp skainsmate!"
The centaur unwields an uncursed shortbow.
The centaur hits you.
* * * LOW HITPOINT WARNING * * *
The centaur unwields an uncursed enchanted shortbow.
The centaur misses you.
You slash the centaur! You burn the centaur.
The centaur is heavily wounded.
You barely miss the centaur. The centaur hits you.
* * * LOW HITPOINT WARNING * * *
The centaur hits you.
* * * LOW HITPOINT WARNING * * *
The centaur hits you but does no damage.
Okay, then.
You slash the centaur! You burn the centaur.
You kill the centaur!
Trog accepts your kill.
You hit the centaur. You burn the centaur. The centaur hits you!
You die...

#................
#................
#................
#................
#................
#......(.........
#?...............
#<...............
#....?..@........
#......c)........
#.(..............
#.......F.......
#...............
#........5......
#...............
...............


You could see a bullfrog, a centaur and a shadow imp.

Vanquished Creatures
  A two-headed ogre (D:8)
  A hornet (D:9)
  A human (D:8)
  A yak (D:8)
  3 hogs (D:8)
  An ice beast (D:8)
  An orc warrior (D:7)
  2 ogres
  A phantom (D:8)
  2 centaurs
  A crocodile (D:8)
  A bullfrog (D:7)
  A water moccasin skeleton (D:6)
  A scorpion (D:9)
  3 wights (D:7)
  2 crimson imps
  2 hounds
  A bullfrog skeleton (D:7)
  2 orc priests
  2 iguanas (D:7)
  4 orc wizards
  4 worker ants
  A hound zombie (D:7)
  5 gnolls
  4 adders
  A shadow imp (D:9)
  An ooze (D:3)
  A worm (D:2)
  A dart slug (D:3)
  2 leopard geckos
  17 orcs
  A ball python (D:8)
  3 giant cockroaches
  A hobgoblin (D:3)
  11 jackals
  3 quokkas
  2 frilled lizards
  A quokka skeleton (D:7)
  2 rats (D:2)
95 creatures vanquished.

Notes
Turn   | Place    | Note
-------+----------+-------------------------------------------
     0 | D:1      | emperorscorpion the Minotaur Berserker began the quest for the Orb.
     0 | D:1      | Reached XP level 1. HP: 19/19 MP: 0/0
     2 | D:1      | Noticed a demonspawn
     2 | D:1      | Noticed a tengu
     4 | D:1      | Noticed a human
     4 | D:1      | Noticed a gargoyle
     6 | D:1      | Noticed a formicid
     6 | D:1      | Noticed a vine stalker
     9 | D:1      | Noticed a dwarf
     9 | D:1      | Noticed a halfling
    13 | D:1      | Noticed a troll
    13 | D:1      | Noticed an ogre
    15 | D:1      | Noticed a draconian
    15 | D:1      | Noticed a demigod
    17 | D:1      | Noticed a vampire
    17 | D:1      | Noticed a felid
    21 | D:1      | Noticed a minotaur
    21 | D:1      | Noticed a naga
    23 | D:1      | Noticed a centaur
    23 | D:1      | Noticed an elf
    25 | D:1      | Noticed a spriggan
    25 | D:1      | Noticed a merfolk
    27 | D:1      | Noticed an octopode
    27 | D:1      | Noticed a ghoul
    94 | D:2      | Reached XP level 2. HP: 23/27 MP: 1/1
   235 | D:2      | Reached XP level 3. HP: 34/34 MP: 2/2
   289 | D:3      | Reached skill level 1 in Axes
   364 | D:4      | Reached XP level 4. HP: 31/41 MP: 3/3
   385 | D:5      | Entered Level 5 of the Dungeon
   385 | D:5      | Found an iron altar of Okawaru.
   390 | D:5      | Noticed an ogre
   400 | D:5      | Killed an ogre
   400 | D:5      | Reached skill level 5 in Fighting
   400 | D:5      | Reached skill level 2 in Axes
   400 | D:5      | Reached XP level 5. HP: 8/48 MP: 4/4
   412 | D:5      | Found Ruimp's General Store.
   419 | D:5      | Bought a scroll of identify for 28 gold pieces
   514 | D:4      | Found a staircase to the Ecumenical Temple.
   555 | D:5      | Reached skill level 3 in Axes
   560 | D:5      | Reached ** piety under Trog
   562 | D:5      | Reached skill level 4 in Axes
   562 | D:5      | Reached XP level 6. HP: 34/56 MP: 5/5
   648 | D:6      | Found Ugeg Zoh's Jewellery Emporium.
   764 | D:7      | Reached skill level 5 in Axes
   797 | D:7      | Reached XP level 7. HP: 43/62 MP: 6/6
   821 | D:7      | Reached skill level 6 in Axes
   939 | D:8      | Found a staircase to the Lair.
   961 | Lair:1   | Entered Level 1 of the Lair of Beasts
   961 | Lair:1   | Noticed a five-headed hydra
  1037 | D:7      | Reached skill level 5 in Armour
  1055 | D:7      | HP: 3/64 [orc wizard/magic dart (5)]
  1057 | D:7      | Gained mutation: You are dopey. (Int -2) [potion of mutation]
  1057 | D:7      | Gained mutation: You evolve. [potion of mutation]
  1057 | D:7      | Gained mutation: Your natural rate of healing is unusually fast. [potion of mutation]
  1061 | D:7      | Reached skill level 7 in Axes
  1181 | D:8      | Reached XP level 8. HP: 33/71 MP: 7/7
  1249 | D:8      | Noticed a two-headed ogre
  1255 | D:8      | Killed a two-headed ogre
  1255 | D:8      | Reached *** piety under Trog
  1255 | D:8      | Reached skill level 8 in Axes
  1324 | D:8      | Reached skill level 9 in Axes
  1325 | D:8      | Reached XP level 9. HP: 80/80 MP: 8/8
  1406 | D:8      | Reached skill level 10 in Axes
  1426 | D:8      | Got a warped ring mail
  1439 | D:8      | Identified the +1 ring mail "Cinat" {rF++ Str-2 Dex+6} (You took it off an orc on level 8 of the Dungeon)
  1458 | D:8      | Found a sand-covered staircase.
  1725 | D:9      | Found Usmoaj's General Store.
  1745 | D:9      | Slain by a centaur

Vault maps used:
D:1:      kb_arrival_jail
D:2:      minitemple, first_ration
D:3:      tso_altar, skrybe_limestone_x, saegor_snake_ambush
D:4:      grunt_gozag_breadcrumbs, minmay_temple_entry_hall, serial_shops,
          shop_fountains
D:5:      yredelemnul_altar_generic, serial_shops, shop, basic_altar, uniq_ijyb
D:6:      old_forge, nicolae_overflow_crystal_walls, serial_shops, shop_statue,
          kennysheep_another_room, kennysheep_flooded_box
D:7:      tgw_trog
D:8:      dpeg_oklobed_lair, nicolae_ossuary_entry_false_entrances,
          grunt_livestock
D:9:      marbit_many_paths, serial_gnoll_camp, gnoll_camp_medium_02,
          gnoll_camp_mini_loothouse, gnoll_camp_mini_basic,
          gnoll_camp_mini_shop, gnoll_camp_mini_shop
Lair:1:   basic_altar, beast_lair_carwin_11, uniq_gastronok

Skill      XL: |  1  2  3  4  5  6  7  8  9 |
---------------+----------------------------+-----
Fighting       | 4 5 6 7 8 |  8.3
Long Blades    | 4 |  4.1
Axes           | 1 2 4 5 7 9 10 | 10.8
Armour         | 3 4 5 7 8 |  8.1
Dodging        | 3 4 |  4.4
Stealth        | |  0.5

Action                   |  1- 3 |  4- 6 |  7- 9 || total
-------------------------+-------+-------+-------++-------
Melee: Falchion          |    15 |       |       ||    15
       Headbutt          |     7 |     8 |    21 ||    36
       War axe           |    11 |    44 |   131 ||   186
Invok: Berserk           |     2 |     1 |     4 ||     7
       Trog's Hand       |       |       |     1 ||     1
Evoke: Wand              |       |     1 |       ||     1
  Use: Scroll            |       |     2 |     3 ||     5
       Potion            |       |       |     8 ||     8
  Eat: Chunk             |       |     2 |     7 ||     9
Armor: Animal skin       |     2 |       |       ||     2
       Ring mail         |     3 |    18 |    16 ||    37
       Chain mail        |       |       |    35 ||    35
Dodge: Dodged            |    28 |    37 |    88 ||   153
       Rpst.: Falchion   |     3 |       |       ||     3

Table legend:
 A = Spawn XP
 B = Non-spawn XP
 C = Spawn XP percentage of total XP
 D = Spawn monster count
 E = Non-spawn monster count
 F = Spawn count percentage of total count
 G = Total turns spent on level
                    A         B        C        D         E        F      G
               +---------+---------+-------+---------+---------+-------+---------
         Total |       0 |    4446 |   0.0 |       0 |      95 |   0.0 |  1745
               +---------+---------+-------+---------+---------+-------+---------
           D:1 |       0 |       2 |   0.0 |       0 |       1 |   0.0 |    74
           D:2 |       0 |      38 |   0.0 |       0 |       8 |   0.0 |   121
           D:3 |       0 |      23 |   0.0 |       0 |       8 |   0.0 |   116
           D:4 |       0 |      57 |   0.0 |       0 |       8 |   0.0 |   147
           D:5 |       0 |     293 |   0.0 |       0 |       7 |   0.0 |   123
           D:6 |       0 |     184 |   0.0 |       0 |       4 |   0.0 |   108
           D:7 |       0 |     771 |   0.0 |       0 |      29 |   0.0 |   342
           D:8 |       0 |    2423 |   0.0 |       0 |      21 |   0.0 |   628
           D:9 |       0 |     655 |   0.0 |       0 |       9 |   0.0 |    84
               +---------+---------+-------+---------+---------+-------+---------
